[ AOE2 MATCH · #486802458 ]
UnrankedMongols vs Armenians
[ REPLAY ANALYSIS · EXTRACTED FROM THE RECORDED GAME ]
Feudal
9:12
Castle
26:47
Imperial
44:06
| APM avg | 22.5 |
| APM peak | 61 |
| eAPM avg | 19.1 |
| Villagers / military | 211 / 396 |
Focus
⚔️ 35.6% · 🌾 64.4%
Steppe Lancer ×215 · Mangudai ×115 · Trade Cart ×96 · Mangonel ×29 · Archer ×20 · Battering Ram ×15
Feudal
9:45
Castle
24:56
Imperial
38:22
| APM avg | 35.9 |
| APM peak | 133 |
| eAPM avg | 24.8 |
| Villagers / military | 213 / 689 |
Focus
⚔️ 38.2% · 🌾 61.8%
Spearman ×383 · Battle Elephant ×140 · Trade Cart ×139 · Scorpion ×56 · Mangonel ×43 · Arambai ×27
Feudal
11:36
Castle
23:21
Imperial
39:04
| APM avg | 28.7 |
| APM peak | 71 |
| eAPM avg | 20.1 |
| Villagers / military | 249 / 231 |
Focus
⚔️ 21.2% · 🌾 78.8%
Spearman ×204 · Unknown (1968) ×130 · Trade Cart ×126 · Unknown (1944) ×115 · Unknown (1978) ×41 · Scout Cavalry ×15
Feudal
—
Castle
—
Imperial
—
| APM avg | 855.7 |
| APM peak | 9767 |
| eAPM avg | 855.6 |
| Villagers / military | 0 / 7 |
Focus
⚔️ 73.6% · 🌾 26.4%
Skirmisher ×5 · Archer ×1 · Militia ×1
Feudal
—
Castle
—
Imperial
—
| APM avg | 841.1 |
| APM peak | 2267 |
| eAPM avg | 838.8 |
| Villagers / military | 0 / 1970 |
Focus
⚔️ 51.5% · 🌾 48.5%
Eagle Scout ×860 · Eagle Warrior ×860 · Spearman ×205 · Battering Ram ×29 · Trebuchet (Packed) ×10 · Monk ×6
Feudal
—
Castle
—
Imperial
—
| APM avg | 929.1 |
| APM peak | 2999 |
| eAPM avg | 927.9 |
| Villagers / military | 0 / 1078 |
Focus
⚔️ 54.0% · 🌾 46.0%
Magyar Huszar ×466 · Knight ×270 · Cavalry Archer ×146 · Spearman ×120 · Battering Ram ×54 · Trebuchet (Packed) ×10
Feudal
—
Castle
—
Imperial
—
| APM avg | 981.0 |
| APM peak | 2207 |
| eAPM avg | 979.8 |
| Villagers / military | 0 / 1244 |
Focus
⚔️ 45.5% · 🌾 54.5%
War Elephant ×437 · Knight ×293 · Hand Cannoneer ×226 · Spearman ×154 · Scout Cavalry ×49 · Bombard Cannon ×44
Feudal
—
Castle
—
Imperial
—
| APM avg | 1083.4 |
| APM peak | 12985 |
| eAPM avg | 1083.3 |
| Villagers / military | 0 / 49 |
Focus
⚔️ 81.8% · 🌾 18.2%
Skirmisher ×30 · Knight ×9 · Archer ×6 · Spearman ×4
Match map
Initial resources + every placement click. Lines = walls · curves = elevation contours. ◆ gold · ⬟ stone · ● berries · ✦ relic · ◌ wall gap
Your base· Open — unwalled flank
TomHuang1991's base· Open — unwalled flank
阿YAO's base· Open — unwalled flank
's base· Open — unwalled flank
's base· Open — unwalled flank
's base· Open — unwalled flank
's base· Open — unwalled flank
's base· Open — 4t gap
Smoothed initial terrain · ◌ = detected wall gap · hover for details
Inputs per minute
— Rexy0609 - - TomHuang1991
Build order — Rexy0609
First 150 of 739 actions detected
| 0:00 | Research | Loom |
| 0:02 | Build | House |
| 0:04 | Build | House |
| 0:05 | Build | House |
| 0:09 | Create | Villager (Male) ×4 |
| 1:53 | Create | Villager (Male) |
| 2:18 | Create | Villager (Male) |
| 2:26 | Create | Villager (Male) |
| 3:05 | Build | Lumber Camp |
| 3:13 | Create | Villager (Male) |
| 4:07 | Create | Villager (Male) |
| 4:07 | Create | Villager (Male) |
| 4:07 | Create | Villager (Male) |
| 4:30 | Create | Villager (Male) |
| 4:41 | Create | Villager (Male) |
| 5:30 | Create | Villager (Male) |
| 5:30 | Create | Villager (Male) |
| 5:39 | Build | Mining Camp |
| 6:39 | Research | Feudal Age |
| 9:12 | Age | Feudal Age |
| 9:16 | Build | House |
| 9:18 | Build | House |
| 9:29 | Build | Palisade Wall |
| 9:32 | Build | Gate |
| 9:51 | Build | Watch Tower |
| 9:57 | Research | Wheelbarrow |
| 10:03 | Build | Stone Wall |
| 10:09 | Build | Stone Wall |
| 10:28 | Research | Double-Bit Axe |
| 11:14 | Build | Watch Tower |
| 11:16 | Create | Villager (Male) |
| 11:17 | Create | Villager (Male) |
| 11:46 | Create | Villager (Male) |
| 11:52 | Build | Mill |
| 12:12 | Create | Villager (Male) |
| 12:13 | Create | Villager (Male) |
| 12:19 | Build | Stone Wall |
| 12:28 | Build | Stone Wall |
| 13:38 | Create | Villager (Male) |
| 13:38 | Create | Villager (Male) |
| 13:39 | Create | Villager (Male) |
| 14:07 | Build | Farm |
| 14:16 | Build | Stone Wall |
| 14:22 | Build | Stone Wall |
| 14:37 | Create | Villager (Male) |
| 15:18 | Build | Watch Tower |
| 15:25 | Build | Watch Tower |
| 15:34 | Create | Villager (Male) |
| 15:34 | Create | Villager (Male) |
| 16:07 | Build | Stone Wall |
| 16:20 | Create | Villager (Male) |
| 16:24 | Build | Stone Wall |
| 16:39 | Build | House |
| 16:55 | Build | Mining Camp |
| 17:02 | Build | House |
| 17:04 | Build | House |
| 17:05 | Create | Villager (Male) |
| 17:06 | Create | Villager (Male) |
| 17:39 | Create | Villager (Male) |
| 17:41 | Build | Farm |
| 17:49 | Build | House |
| 17:53 | Build | Stone Wall |
| 18:03 | Build | Mining Camp |
| 18:05 | Create | Villager (Male) |
| 18:08 | Build | Blacksmith |
| 18:32 | Research | Stone Mining |
| 18:37 | Build | Farm |
| 18:38 | Build | Farm |
| 18:39 | Create | Villager (Male) |
| 18:43 | Build | Stone Wall |
| 18:53 | Research | Fletching |
| 19:04 | Build | Watch Tower |
| 19:07 | Create | Villager (Male) |
| 19:09 | Build | Farm |
| 19:10 | Build | Farm |
| 19:16 | Create | Villager (Male) |
| 19:25 | Build | Mill |
| 19:47 | Create | Villager (Male) |
| 19:49 | Build | Farm |
| 19:52 | Build | Stone Wall |
| 20:10 | Create | Villager (Male) |
| 20:32 | Build | Mining Camp |
| 20:45 | Create | Villager (Male) |
| 21:18 | Create | Villager (Male) |
| 21:26 | Build | Stone Wall |
| 21:38 | Build | Market |
| 21:39 | Create | Villager (Male) |
| 21:49 | Research | Gold Mining |
| 21:51 | Create | Villager (Male) |
| 21:58 | Build | Stone Wall |
| 22:12 | Build | House |
| 22:13 | Build | House |
| 22:14 | Build | House |
| 22:17 | Create | Villager (Male) |
| 22:43 | Create | Villager (Male) |
| 23:11 | Build | House |
| 23:12 | Build | House |
| 23:34 | Build | Watch Tower |
| 23:49 | Build | House |
| 23:50 | Build | House |
| 24:07 | Research | Castle Age |
| 24:48 | Build | Stone Wall |
| 25:02 | Build | House |
| 25:02 | Build | House |
| 25:19 | Build | Stone Wall |
| 25:34 | Research | Horse Collar |
| 25:37 | Build | House |
| 25:38 | Build | House |
| 26:12 | Build | Stone Wall |
| 26:47 | Age | Castle Age |
| 26:49 | Build | Town Center |
| 26:52 | Research | Hand Cart |
| 26:56 | Research | Bow Saw |
| 27:00 | Build | University |
| 27:04 | Create | Villager (Male) |
| 27:04 | Create | Villager (Male) |
| 27:10 | Build | Stone Wall |
| 27:16 | Build | Siege Workshop |
| 27:28 | Build | Stone Wall |
| 27:43 | Research | Fortified Wall (upgrade) |
| 28:01 | Create | Villager (Male) |
| 28:27 | Build | Stone Wall |
| 28:30 | Create | Mangonel |
| 28:33 | Build | Stone Wall |
| 28:38 | Build | Stone Wall |
| 28:50 | Create | Villager (Male) |
| 28:51 | Create | Villager (Male) |
| 28:51 | Create | Villager (Male) |
| 28:59 | Build | Farm |
| 29:15 | Build | Stone Wall |
| 29:22 | Create | Mangonel |
| 29:24 | Create | Villager (Male) |
| 29:25 | Create | Villager (Male) |
| 29:39 | Create | Villager (Male) |
| 29:56 | Create | Mangonel |
| 29:57 | Create | Villager (Male) |
| 29:58 | Create | Villager (Male) |
| 30:03 | Build | Stone Wall |
| 30:06 | Build | Stone Wall |
| 30:17 | Create | Villager (Male) |
| 30:17 | Create | Villager (Male) |
| 30:18 | Create | Villager (Male) |
| 30:33 | Build | Stone Wall |
| 30:39 | Build | Stone Wall |
| 31:10 | Create | Mangonel |
| 31:11 | Create | Villager (Male) |
| 31:12 | Create | Villager (Male) |
| 31:15 | Create | Villager (Male) |
| 31:16 | Create | Villager (Male) |
| 31:21 | Build | Town Center |
Build order — TomHuang1991
First 150 of 872 actions detected
| 0:00 | Create | Villager (Male) |
| 0:01 | Create | Villager (Male) |
| 0:01 | Create | Villager (Male) |
| 0:02 | Create | Villager (Male) |
| 0:04 | Build | House |
| 0:05 | Build | House |
| 0:15 | Research | Loom |
| 1:20 | Create | Villager (Male) |
| 1:57 | Create | Villager (Male) |
| 2:48 | Build | Lumber Camp |
| 2:52 | Create | Villager (Male) |
| 2:52 | Create | Villager (Male) |
| 2:52 | Create | Villager (Male) |
| 3:42 | Create | Villager (Male) |
| 3:42 | Create | Villager (Male) |
| 4:15 | Build | House |
| 4:16 | Build | House |
| 4:21 | Create | Villager (Male) |
| 4:37 | Create | Villager (Male) |
| 4:55 | Create | Villager (Male) |
| 4:56 | Create | Villager (Male) |
| 5:41 | Create | Villager (Male) |
| 6:03 | Create | Villager (Male) |
| 6:40 | Build | Mining Camp |
| 6:49 | Create | Villager (Male) |
| 7:35 | Research | Feudal Age |
| 8:29 | Build | House |
| 9:19 | Create | Villager (Male) |
| 9:21 | Create | Villager (Male) |
| 9:21 | Create | Villager (Male) |
| 9:45 | Age | Feudal Age |
| 9:49 | Create | Villager (Male) |
| 10:02 | Build | Palisade Gate |
| 10:04 | Build | House |
| 10:06 | Build | House |
| 10:07 | Build | House |
| 10:09 | Build | House |
| 10:19 | Build | Watch Tower |
| 10:28 | Create | Villager (Male) |
| 10:49 | Build | Stone Wall |
| 10:50 | Create | Villager (Male) |
| 11:17 | Create | Villager (Male) |
| 11:35 | Create | Villager (Male) |
| 11:44 | Create | Villager (Male) |
| 11:48 | Build | Mill |
| 12:08 | Build | Mining Camp |
| 12:13 | Build | Palisade Wall |
| 12:26 | Build | Stone Wall |
| 12:31 | Create | Villager (Male) |
| 13:00 | Create | Villager (Male) |
| 13:08 | Build | Palisade Gate |
| 13:10 | Build | House |
| 13:11 | Build | House |
| 13:17 | Build | House |
| 13:30 | Build | Palisade Wall |
| 13:31 | Build | Palisade Wall |
| 13:42 | Build | Watch Tower |
| 13:51 | Build | Stone Wall |
| 13:51 | Create | Villager (Male) |
| 13:52 | Create | Villager (Male) |
| 13:53 | Build | Farm |
| 13:53 | Build | Farm |
| 13:54 | Build | Farm |
| 13:54 | Build | Farm |
| 13:54 | Build | Farm |
| 13:54 | Build | Farm |
| 13:55 | Build | Farm |
| 13:55 | Build | Farm |
| 14:00 | Create | Villager (Male) |
| 14:07 | Build | Stone Wall |
| 14:08 | Build | Stone Wall |
| 14:33 | Build | Stone Wall |
| 14:34 | Build | Stone Wall |
| 14:39 | Build | Stone Wall |
| 14:41 | Build | Stone Wall |
| 14:43 | Create | Villager (Male) |
| 14:54 | Build | Farm |
| 14:54 | Build | Farm |
| 14:54 | Build | Farm |
| 14:55 | Build | Farm |
| 15:11 | Build | Stone Wall |
| 15:17 | Create | Villager (Male) |
| 15:25 | Build | Stone Wall |
| 15:53 | Create | Villager (Male) |
| 15:55 | Build | Farm |
| 15:55 | Build | Farm |
| 15:55 | Build | Farm |
| 16:16 | Create | Villager (Male) |
| 16:16 | Create | Villager (Male) |
| 16:17 | Create | Villager (Male) |
| 16:30 | Build | Stone Wall |
| 16:41 | Build | Watch Tower |
| 17:02 | Research | Horse Collar |
| 17:13 | Build | Stone Wall |
| 17:15 | Create | Villager (Male) |
| 17:22 | Research | Town Watch |
| 17:49 | Build | Watch Tower |
| 17:52 | Build | Stone Wall |
| 18:04 | Build | Blacksmith |
| 18:06 | Create | Villager (Male) |
| 18:07 | Create | Villager (Male) |
| 18:46 | Create | Villager (Male) |
| 18:50 | Research | Fletching |
| 18:51 | Research | Fletching |
| 19:02 | Build | Stone Wall |
| 19:09 | Build | Stone Wall |
| 19:12 | Create | Villager (Male) |
| 19:14 | Build | Farm |
| 19:14 | Build | Farm |
| 19:14 | Build | Farm |
| 19:19 | Build | Stone Wall |
| 19:38 | Build | Stone Wall |
| 19:46 | Build | Market |
| 20:00 | Research | Wheelbarrow |
| 20:04 | Create | Villager (Male) |
| 20:11 | Build | Stone Wall |
| 20:19 | Build | Market |
| 20:41 | Build | Stone Wall |
| 20:42 | Create | Villager (Male) |
| 20:45 | Build | Stone Wall |
| 20:48 | Build | Stone Wall |
| 21:18 | Build | Stone Wall |
| 21:25 | Build | Stone Wall |
| 21:37 | Build | House |
| 21:40 | Build | House |
| 21:44 | Create | Villager (Male) |
| 21:58 | Build | Stone Wall |
| 22:04 | Research | Castle Age |
| 22:26 | Build | Stone Wall |
| 22:33 | Build | Stone Wall |
| 22:54 | Research | Stone Mining |
| 22:54 | Research | Gold Mining |
| 23:00 | Build | House |
| 23:01 | Build | House |
| 23:04 | Build | House |
| 23:13 | Build | Mining Camp |
| 23:17 | Build | Stone Wall |
| 23:21 | Build | Stone Wall |
| 23:26 | Build | House |
| 23:28 | Build | House |
| 23:29 | Build | House |
| 23:44 | Build | Mill |
| 24:07 | Build | House |
| 24:12 | Build | Stone Wall |
| 24:43 | Build | Stone Wall |
| 24:44 | Create | Villager (Male) |
| 24:45 | Create | Villager (Male) |
| 24:48 | Build | House |
| 24:49 | Build | House |
| 24:50 | Build | House |
Build order — 阿YAO
First 150 of 904 actions detected
| 0:02 | Create | Villager (Male) |
| 0:02 | Create | Villager (Male) |
| 0:02 | Create | Villager (Male) |
| 0:02 | Create | Villager (Male) |
| 0:05 | Build | House |
| 0:06 | Build | House |
| 0:08 | Build | House |
| 0:13 | Research | Loom |
| 1:40 | Create | Villager (Male) |
| 2:24 | Create | Villager (Male) |
| 2:25 | Create | Villager (Male) |
| 3:36 | Create | Villager (Male) |
| 3:36 | Create | Villager (Male) |
| 3:48 | Create | Villager (Male) |
| 3:48 | Create | Villager (Male) |
| 4:03 | Create | Villager (Male) |
| 5:06 | Build | Lumber Camp |
| 5:12 | Create | Villager (Male) |
| 5:19 | Create | Villager (Male) |
| 5:32 | Create | Villager (Male) |
| 5:55 | Create | Villager (Male) |
| 5:55 | Create | Villager (Male) |
| 6:07 | Create | Villager (Male) |
| 6:07 | Create | Villager (Male) |
| 6:15 | Build | House |
| 6:56 | Build | Mill |
| 7:02 | Create | Villager (Male) |
| 7:03 | Create | Villager (Male) |
| 7:24 | Create | Villager (Male) |
| 7:53 | Build | Mining Camp |
| 8:23 | Build | Mining Camp |
| 8:58 | Build | House |
| 9:13 | Research | Feudal Age |
| 10:23 | Create | Villager (Male) |
| 10:23 | Create | Villager (Male) |
| 11:25 | Create | Villager (Male) |
| 11:36 | Age | Feudal Age |
| 12:08 | Research | Wheelbarrow |
| 12:10 | Create | Villager (Male) |
| 12:13 | Research | Double-Bit Axe |
| 12:26 | Research | Stone Mining |
| 12:29 | Research | Horse Collar |
| 12:43 | Build | House |
| 12:51 | Build | House |
| 12:57 | Build | Blacksmith |
| 13:01 | Research | Gold Mining |
| 13:59 | Build | Watch Tower |
| 14:06 | Research | Town Watch |
| 14:11 | Build | Farm |
| 14:11 | Build | Farm |
| 14:12 | Build | Farm |
| 14:12 | Build | Farm |
| 14:12 | Build | Farm |
| 14:12 | Build | Farm |
| 14:14 | Build | Farm |
| 14:29 | Research | Fletching |
| 14:32 | Build | Farm |
| 15:25 | Build | Lumber Camp |
| 15:29 | Create | Villager (Male) |
| 15:29 | Create | Villager (Male) |
| 15:29 | Create | Villager (Male) |
| 15:40 | Create | Villager (Male) |
| 15:45 | Build | Farm |
| 15:59 | Build | House |
| 16:15 | Build | Market |
| 16:43 | Create | Villager (Male) |
| 16:51 | Build | Farm |
| 16:59 | Build | Mill |
| 17:05 | Create | Villager (Male) |
| 17:13 | Build | Farm |
| 17:37 | Create | Villager (Male) |
| 17:40 | Build | Farm |
| 17:52 | Build | Farm |
| 18:05 | Create | Villager (Male) |
| 18:37 | Create | Villager (Male) |
| 18:37 | Create | Villager (Male) |
| 19:20 | Create | Villager (Male) |
| 19:40 | Build | Barracks |
| 19:49 | Build | Watch Tower |
| 20:00 | Create | Villager (Male) |
| 20:08 | Build | Farm |
| 20:16 | Build | Farm |
| 20:18 | Build | Farm |
| 20:41 | Research | Castle Age |
| 20:42 | Create | Villager (Male) |
| 20:58 | Build | Lumber Camp |
| 21:04 | Build | House |
| 21:06 | Build | House |
| 21:21 | Create | Villager (Male) |
| 21:22 | Create | Villager (Male) |
| 21:57 | Build | Watch Tower |
| 22:01 | Create | Villager (Male) |
| 22:08 | Build | Farm |
| 22:42 | Build | Barracks |
| 23:01 | Create | Trade Cart |
| 23:21 | Age | Castle Age |
| 23:23 | Create | Spearman |
| 23:23 | Create | Spearman |
| 23:24 | Create | Spearman |
| 23:31 | Create | Unit 1974 |
| 23:39 | Build | Lumber Camp |
| 23:54 | Build | Town Center |
| 24:01 | Build | Town Center |
| 24:54 | Create | Unit 1974 |
| 24:58 | Create | Villager (Male) |
| 25:00 | Research | Scale Mail Armor |
| 25:09 | Build | Town Center |
| 25:30 | Research | Hand Cart |
| 25:32 | Create | Villager (Male) |
| 25:34 | Research | Bow Saw |
| 25:34 | Research | Bow Saw |
| 25:37 | Research | Stone Shaft Mining |
| 25:39 | Research | Gold Shaft Mining |
| 25:42 | Research | Heavy Plow |
| 25:44 | Create | Trade Cart |
| 26:20 | Create | Villager (Male) |
| 26:20 | Create | Villager (Male) |
| 26:20 | Create | Villager (Male) |
| 26:24 | Create | Villager (Male) |
| 26:24 | Create | Villager (Male) |
| 26:24 | Create | Villager (Male) |
| 26:30 | Create | Villager (Male) |
| 26:37 | Build | Farm |
| 26:42 | Build | Farm |
| 26:43 | Build | Farm |
| 26:48 | Create | Villager (Male) |
| 26:49 | Create | Villager (Male) |
| 26:49 | Create | Villager (Male) |
| 26:49 | Create | Villager (Male) |
| 27:03 | Build | Watch Tower |
| 27:11 | Create | Villager (Male) |
| 27:11 | Create | Villager (Male) |
| 27:19 | Create | Villager (Male) |
| 27:19 | Create | Villager (Male) |
| 27:20 | Create | Villager (Male) |
| 27:20 | Create | Villager (Male) |
| 27:21 | Create | Villager (Male) |
| 27:21 | Create | Villager (Male) |
| 27:21 | Create | Villager (Male) |
| 27:22 | Create | Villager (Male) |
| 27:22 | Create | Villager (Male) |
| 27:37 | Build | House |
| 27:38 | Build | House |
| 27:38 | Build | House |
| 27:38 | Build | House |
| 27:38 | Build | House |
| 27:40 | Build | House |
| 27:42 | Build | House |
| 27:42 | Build | House |
| 27:42 | Build | House |
Build order —
First 150 of 151 actions detected
| 0:00 | Build | House |
| 0:02 | Build | House |
| 1:41 | Build | Lumber Camp |
| 3:30 | Build | Mill |
| 3:30 | Build | Mill |
| 3:31 | Build | Mill |
| 3:31 | Build | Mill |
| 3:32 | Build | Mill |
| 3:32 | Build | Mill |
| 3:33 | Build | Mill |
| 3:46 | Build | House |
| 5:22 | Build | Lumber Camp |
| 5:51 | Research | Tech None |
| 6:18 | Build | Mill |
| 6:32 | Build | House |
| 6:41 | Research | Tech None |
| 7:39 | Build | Mining Camp |
| 8:22 | Build | Barracks |
| 9:16 | Research | Tech None |
| 9:16 | Research | Tech None |
| 9:16 | Build | Watch Tower |
| 9:18 | Research | Tech None |
| 9:38 | Research | Tech None |
| 10:52 | Build | House |
| 11:10 | Build | Archery Range |
| 11:53 | Create | Archer |
| 12:50 | Create | Militia |
| 13:15 | Build | House |
| 13:24 | Build | Blacksmith |
| 15:05 | Build | Farm |
| 15:09 | Build | Farm |
| 31:14 | Build | Lumber Camp |
| 31:31 | Build | Barracks |
| 31:41 | Build | Barracks |
| 31:43 | Build | Barracks |
| 31:45 | Build | Barracks |
| 31:46 | Build | Barracks |
| 31:47 | Build | Barracks |
| 31:48 | Build | Barracks |
| 31:49 | Build | Barracks |
| 31:51 | Build | Barracks |
| 31:52 | Build | Barracks |
| 31:54 | Build | Barracks |
| 31:57 | Build | Barracks |
| 32:06 | Build | Barracks |
| 32:07 | Build | Barracks |
| 32:09 | Build | Barracks |
| 32:10 | Build | Barracks |
| 32:11 | Build | Barracks |
| 32:12 | Build | Barracks |
| 32:13 | Build | Stable |
| 32:14 | Build | Stable |
| 32:15 | Build | Stable |
| 32:18 | Build | Stable |
| 32:25 | Build | Stable |
| 32:27 | Build | Stable |
| 32:44 | Build | Stable |
| 32:47 | Build | Stable |
| 32:49 | Build | Stable |
| 32:50 | Build | Stable |
| 32:51 | Build | Stable |
| 33:00 | Create | Skirmisher |
| 33:00 | Build | Stable |
| 33:00 | Research | Tech None |
| 33:02 | Build | Stable |
| 33:05 | Build | Stable |
| 33:08 | Build | Stable |
| 33:09 | Build | Stable |
| 33:10 | Build | Stable |
| 33:13 | Build | Stable |
| 33:14 | Build | Stable |
| 33:16 | Build | Stable |
| 33:17 | Build | Stable |
| 33:18 | Build | Stable |
| 33:18 | Build | Market |
| 33:22 | Build | Market |
| 33:25 | Build | Stable |
| 33:27 | Build | Stable |
| 33:42 | Create | Skirmisher |
| 33:52 | Build | Stable |
| 33:53 | Build | Stable |
| 33:54 | Build | Stable |
| 33:54 | Build | Market |
| 33:57 | Build | Stable |
| 33:57 | Build | Stable |
| 33:57 | Build | Market |
| 34:02 | Build | Stable |
| 34:02 | Build | Market |
| 34:04 | Build | Stable |
| 34:05 | Build | Market |
| 34:18 | Build | Stable |
| 34:19 | Build | Stable |
| 34:20 | Build | Market |
| 34:21 | Build | Stable |
| 34:22 | Build | Market |
| 34:24 | Build | Market |
| 34:25 | Build | Stable |
| 34:26 | Build | Market |
| 34:28 | Build | Market |
| 34:32 | Build | Market |
| 34:33 | Build | Stable |
| 34:43 | Build | Stable |
| 34:45 | Build | Market |
| 34:45 | Create | Skirmisher |
| 34:47 | Build | Stable |
| 34:48 | Build | Market |
| 34:51 | Build | Market |
| 34:52 | Build | Market |
| 34:54 | Build | Stable |
| 34:55 | Build | Stable |
| 34:56 | Build | Stable |
| 34:58 | Build | Stable |
| 35:00 | Build | Stable |
| 35:00 | Build | Stable |
| 35:02 | Build | Stable |
| 35:03 | Build | Stable |
| 35:04 | Build | Stable |
| 35:05 | Build | Stable |
| 35:06 | Create | Skirmisher |
| 35:06 | Build | Market |
| 35:06 | Build | Stable |
| 35:12 | Build | Market |
| 35:13 | Build | Stable |
| 35:14 | Build | Market |
| 35:17 | Build | Stable |
| 35:18 | Build | Market |
| 35:20 | Build | Market |
| 35:22 | Build | Barracks |
| 35:23 | Build | Stable |
| 35:24 | Build | Market |
| 35:25 | Build | Barracks |
| 35:28 | Build | Barracks |
| 35:28 | Build | Market |
| 35:34 | Build | Stable |
| 35:34 | Build | Barracks |
| 35:35 | Build | Stable |
| 35:36 | Build | Barracks |
| 35:36 | Build | Market |
| 35:37 | Build | Barracks |
| 35:58 | Build | Stable |
| 35:59 | Build | Barracks |
| 36:00 | Build | Market |
| 36:00 | Build | Barracks |
| 36:00 | Build | Stable |
| 36:02 | Build | Barracks |
| 36:13 | Build | Market |
| 36:13 | Build | Stable |
| 36:22 | Build | Barracks |
| 36:26 | Build | Market |
| 36:27 | Build | Barracks |
Build order —
First 150 of 2687 actions detected
| 0:00 | Build | House |
| 0:02 | Build | House |
| 1:41 | Build | Lumber Camp |
| 2:21 | Build | Mill |
| 3:46 | Build | House |
| 4:17 | Build | Lumber Camp |
| 4:54 | Build | Mill |
| 5:51 | Research | Tech None |
| 5:51 | Build | House |
| 6:58 | Build | Mining Camp |
| 7:55 | Build | Farm |
| 7:57 | Build | Farm |
| 8:16 | Build | Farm |
| 8:21 | Build | House |
| 8:55 | Build | Farm |
| 9:17 | Build | Farm |
| 9:24 | Research | Tech None |
| 10:14 | Build | Lumber Camp |
| 10:16 | Build | Lumber Camp |
| 10:54 | Build | Lumber Camp |
| 11:43 | Build | Lumber Camp |
| 11:46 | Build | Market |
| 11:47 | Research | Tech None |
| 11:49 | Research | Tech None |
| 12:19 | Research | Tech None |
| 12:37 | Build | House |
| 13:02 | Build | Blacksmith |
| 13:17 | Build | Farm |
| 13:27 | Build | House |
| 13:31 | Build | Farm |
| 13:48 | Build | Farm |
| 13:52 | Research | Tech None |
| 14:53 | Build | Farm |
| 15:51 | Build | Farm |
| 16:09 | Build | Farm |
| 16:10 | Build | Farm |
| 16:11 | Build | Farm |
| 16:12 | Build | Farm |
| 16:17 | Build | Farm |
| 16:33 | Research | Tech None |
| 16:34 | Research | Tech None |
| 16:34 | Build | Town Center |
| 17:11 | Build | Town Center |
| 17:32 | Research | Tech None |
| 17:38 | Build | House |
| 17:39 | Build | House |
| 17:46 | Build | Farm |
| 18:05 | Build | Monastery |
| 18:13 | Build | Farm |
| 18:27 | Build | Farm |
| 18:40 | Build | Farm |
| 18:43 | Create | Monk |
| 19:04 | Build | Siege Workshop |
| 19:12 | Build | Farm |
| 19:22 | Build | Farm |
| 19:37 | Build | Farm |
| 19:38 | Build | Farm |
| 19:49 | Build | Farm |
| 20:03 | Build | House |
| 20:03 | Build | House |
| 20:12 | Build | Farm |
| 20:43 | Research | Tech None |
| 20:48 | Build | Farm |
| 20:50 | Build | Farm |
| 21:01 | Build | Farm |
| 21:11 | Build | Farm |
| 21:15 | Build | Farm |
| 21:20 | Build | Farm |
| 21:23 | Build | Farm |
| 21:38 | Build | Farm |
| 21:46 | Build | House |
| 21:58 | Build | House |
| 22:03 | Build | Mining Camp |
| 22:04 | Research | Tech None |
| 22:04 | Build | House |
| 22:13 | Build | House |
| 22:23 | Research | Tech None |
| 22:26 | Build | House |
| 22:35 | Build | House |
| 22:44 | Create | Battering Ram |
| 22:44 | Build | Lumber Camp |
| 22:50 | Build | House |
| 23:05 | Build | Mining Camp |
| 23:15 | Create | Battering Ram |
| 23:30 | Build | Barracks |
| 23:38 | Build | Mining Camp |
| 23:44 | Build | Lumber Camp |
| 24:11 | Build | Mining Camp |
| 24:40 | Build | Barracks |
| 24:44 | Build | Farm |
| 24:47 | Build | Barracks |
| 24:52 | Build | House |
| 24:53 | Build | House |
| 24:53 | Build | House |
| 24:58 | Build | Barracks |
| 25:03 | Build | Farm |
| 25:13 | Build | Barracks |
| 25:14 | Research | Tech None |
| 25:25 | Research | Tech None |
| 25:25 | Research | Tech None |
| 25:26 | Build | Farm |
| 25:31 | Research | Tech None |
| 25:46 | Build | Market |
| 26:01 | Build | Barracks |
| 26:06 | Research | Tech None |
| 26:09 | Build | University |
| 26:22 | Build | Barracks |
| 26:44 | Build | Lumber Camp |
| 26:52 | Research | Tech None |
| 26:57 | Build | House |
| 26:57 | Build | House |
| 26:58 | Build | House |
| 27:01 | Create | Eagle Scout |
| 27:01 | Create | Eagle Warrior |
| 27:01 | Create | Eagle Scout |
| 27:01 | Create | Eagle Warrior |
| 27:02 | Create | Eagle Scout |
| 27:02 | Create | Eagle Warrior |
| 27:02 | Create | Eagle Scout |
| 27:02 | Create | Eagle Warrior |
| 27:03 | Create | Eagle Scout |
| 27:03 | Create | Eagle Warrior |
| 27:03 | Research | Tech None |
| 27:03 | Create | Eagle Scout |
| 27:03 | Create | Eagle Warrior |
| 27:07 | Research | Tech None |
| 27:07 | Create | Eagle Scout |
| 27:07 | Create | Eagle Warrior |
| 27:11 | Build | Farm |
| 27:15 | Build | Barracks |
| 27:21 | Research | Tech None |
| 27:40 | Build | Market |
| 27:51 | Create | Eagle Scout |
| 27:51 | Create | Eagle Warrior |
| 27:52 | Create | Eagle Scout |
| 27:52 | Create | Eagle Warrior |
| 27:54 | Research | Tech None |
| 27:55 | Create | Eagle Scout |
| 27:55 | Create | Eagle Warrior |
| 27:56 | Create | Eagle Scout |
| 27:56 | Create | Eagle Warrior |
| 27:59 | Create | Eagle Scout |
| 27:59 | Create | Eagle Warrior |
| 27:59 | Create | Eagle Scout |
| 27:59 | Create | Eagle Warrior |
| 28:00 | Create | Eagle Scout |
| 28:00 | Create | Eagle Warrior |
| 28:01 | Create | Eagle Scout |
| 28:01 | Create | Eagle Warrior |
| 28:01 | Create | Eagle Scout |
Build order —
First 150 of 1622 actions detected
| 0:00 | Build | House |
| 0:02 | Build | House |
| 1:41 | Build | Lumber Camp |
| 2:55 | Build | Mill |
| 3:46 | Build | House |
| 4:01 | Build | Lumber Camp |
| 4:50 | Build | Mill |
| 5:51 | Research | Tech None |
| 5:51 | Build | House |
| 6:51 | Build | Mining Camp |
| 7:47 | Build | Farm |
| 7:49 | Build | Farm |
| 8:05 | Build | Farm |
| 8:21 | Build | House |
| 8:35 | Build | Farm |
| 9:02 | Build | Farm |
| 9:21 | Build | Farm |
| 9:23 | Research | Tech None |
| 10:15 | Build | Barracks |
| 11:46 | Build | Stable |
| 11:47 | Research | Tech None |
| 12:09 | Build | Blacksmith |
| 12:15 | Build | House |
| 12:38 | Research | Tech None |
| 13:02 | Research | Tech None |
| 13:02 | Build | House |
| 13:04 | Research | Tech None |
| 13:06 | Build | Farm |
| 13:24 | Build | Farm |
| 13:34 | Build | Farm |
| 14:00 | Build | Farm |
| 14:02 | Build | Farm |
| 14:10 | Build | Farm |
| 14:48 | Research | Tech None |
| 15:42 | Research | Tech None |
| 15:42 | Research | Tech None |
| 15:42 | Create | Knight |
| 15:43 | Research | Tech None |
| 15:43 | Build | Town Center |
| 15:50 | Build | Town Center |
| 16:06 | Create | Knight |
| 16:21 | Build | Town Center |
| 16:22 | Build | House |
| 16:23 | Build | House |
| 16:44 | Build | Farm |
| 16:48 | Build | House |
| 16:53 | Build | Farm |
| 17:32 | Research | Tech None |
| 17:47 | Build | Farm |
| 17:49 | Build | Farm |
| 17:49 | Create | Knight |
| 18:13 | Build | Farm |
| 18:19 | Build | Farm |
| 18:26 | Build | Farm |
| 18:39 | Build | Farm |
| 18:48 | Build | Farm |
| 18:59 | Build | Farm |
| 19:07 | Build | Farm |
| 19:16 | Build | Farm |
| 19:27 | Build | Farm |
| 19:39 | Build | Stable |
| 20:03 | Build | House |
| 20:13 | Build | House |
| 20:17 | Build | Farm |
| 20:17 | Research | Tech None |
| 20:25 | Build | Farm |
| 20:30 | Build | Farm |
| 20:33 | Build | House |
| 20:44 | Build | Farm |
| 20:52 | Build | Farm |
| 20:55 | Build | Farm |
| 21:06 | Build | Farm |
| 21:11 | Build | Farm |
| 21:27 | Build | Farm |
| 21:35 | Build | Farm |
| 21:49 | Build | Farm |
| 22:02 | Build | Farm |
| 22:03 | Build | House |
| 22:05 | Build | House |
| 22:17 | Build | Lumber Camp |
| 22:25 | Build | Farm |
| 22:51 | Build | Siege Workshop |
| 22:52 | Build | Farm |
| 22:59 | Build | Farm |
| 23:00 | Build | House |
| 23:03 | Build | House |
| 23:25 | Build | Town Center |
| 23:32 | Build | Farm |
| 23:46 | Build | Farm |
| 23:49 | Build | Farm |
| 23:51 | Build | Farm |
| 23:59 | Build | Mining Camp |
| 24:10 | Build | Farm |
| 24:24 | Build | Lumber Camp |
| 24:30 | Build | Farm |
| 24:40 | Build | Farm |
| 24:42 | Build | Monastery |
| 24:55 | Build | Farm |
| 24:58 | Build | House |
| 24:58 | Build | House |
| 25:06 | Build | Farm |
| 25:16 | Build | Market |
| 25:20 | Build | Farm |
| 25:23 | Build | Farm |
| 25:32 | Create | Monk |
| 25:32 | Build | Mining Camp |
| 25:48 | Build | Farm |
| 25:58 | Build | Stable |
| 26:05 | Research | Tech None |
| 26:05 | Research | Tech None |
| 26:05 | Research | Tech None |
| 26:05 | Research | Tech None |
| 26:05 | Research | Tech None |
| 26:05 | Research | Tech None |
| 26:05 | Build | Farm |
| 26:05 | Build | House |
| 26:06 | Create | Battering Ram |
| 26:06 | Build | House |
| 26:10 | Build | House |
| 26:28 | Build | Stable |
| 26:36 | Build | House |
| 26:39 | Create | Battering Ram |
| 26:39 | Build | Stable |
| 26:48 | Build | Stable |
| 26:52 | Build | Stable |
| 26:54 | Research | Tech None |
| 27:08 | Create | Scout Cavalry |
| 27:09 | Create | Scout Cavalry |
| 27:09 | Create | Scout Cavalry |
| 27:10 | Create | Battering Ram |
| 27:29 | Build | House |
| 27:31 | Build | House |
| 27:32 | Build | Castle |
| 27:33 | Build | Mining Camp |
| 27:41 | Build | Market |
| 27:43 | Build | University |
| 27:51 | Build | Siege Workshop |
| 28:00 | Create | Scout Cavalry |
| 28:00 | Build | House |
| 28:00 | Create | Scout Cavalry |
| 28:00 | Build | House |
| 28:01 | Create | Scout Cavalry |
| 28:05 | Build | Archery Range |
| 28:10 | Create | Battering Ram |
| 28:11 | Create | Scout Cavalry |
| 28:13 | Create | Scout Cavalry |
| 28:15 | Build | Market |
| 28:23 | Build | House |
| 28:24 | Build | House |
| 28:30 | Create | Battering Ram |
Build order —
First 150 of 1964 actions detected
| 0:00 | Build | House |
| 0:02 | Build | House |
| 1:36 | Build | Lumber Camp |
| 1:37 | Build | Mill |
| 3:29 | Build | Lumber Camp |
| 4:03 | Build | Mill |
| 4:23 | Research | Tech None |
| 4:24 | Build | House |
| 6:06 | Build | House |
| 6:48 | Build | Mining Camp |
| 8:02 | Build | Lumber Camp |
| 8:05 | Build | House |
| 8:34 | Build | Farm |
| 8:34 | Build | Farm |
| 8:35 | Build | Farm |
| 8:51 | Build | Farm |
| 9:01 | Build | Farm |
| 9:15 | Research | Tech None |
| 9:56 | Build | Barracks |
| 11:20 | Build | Stable |
| 11:21 | Research | Tech None |
| 11:23 | Research | Tech None |
| 11:45 | Research | Tech None |
| 12:06 | Build | House |
| 12:18 | Build | Blacksmith |
| 12:30 | Build | Farm |
| 12:51 | Build | Farm |
| 12:53 | Research | Tech None |
| 12:53 | Build | House |
| 13:15 | Build | Farm |
| 13:20 | Build | Farm |
| 13:25 | Build | Farm |
| 13:36 | Research | Tech None |
| 15:19 | Research | Tech None |
| 15:19 | Create | Knight |
| 15:19 | Build | Town Center |
| 15:20 | Research | Tech None |
| 15:20 | Build | Town Center |
| 15:37 | Research | Tech None |
| 15:41 | Build | House |
| 15:49 | Build | House |
| 16:03 | Build | Farm |
| 16:06 | Create | Knight |
| 16:10 | Build | Farm |
| 16:11 | Build | House |
| 16:48 | Build | Stable |
| 16:58 | Build | Farm |
| 17:02 | Build | Farm |
| 17:25 | Build | Farm |
| 17:29 | Build | Farm |
| 17:38 | Build | Farm |
| 17:51 | Build | Farm |
| 17:57 | Create | Knight |
| 18:01 | Build | Farm |
| 18:03 | Build | Farm |
| 18:09 | Create | Knight |
| 18:14 | Build | Farm |
| 18:27 | Build | House |
| 18:28 | Build | House |
| 18:35 | Build | Farm |
| 18:40 | Research | Tech None |
| 18:53 | Build | Farm |
| 18:58 | Build | Farm |
| 19:03 | Build | Farm |
| 19:17 | Build | Farm |
| 19:20 | Build | Farm |
| 19:22 | Build | House |
| 19:29 | Build | House |
| 19:36 | Research | Tech None |
| 19:36 | Build | Farm |
| 19:43 | Build | Farm |
| 19:48 | Build | Farm |
| 19:59 | Build | Farm |
| 20:07 | Build | Farm |
| 20:10 | Build | House |
| 20:13 | Build | Farm |
| 20:36 | Research | Tech None |
| 20:42 | Research | Tech None |
| 20:43 | Build | Farm |
| 20:49 | Build | Farm |
| 20:51 | Build | House |
| 20:52 | Build | House |
| 21:05 | Research | Tech None |
| 21:12 | Build | Farm |
| 21:15 | Build | Farm |
| 21:27 | Research | Tech None |
| 21:49 | Build | Lumber Camp |
| 21:49 | Build | Farm |
| 21:50 | Build | Farm |
| 21:58 | Build | Farm |
| 21:58 | Build | Mining Camp |
| 22:03 | Build | Mining Camp |
| 22:30 | Build | Town Center |
| 22:30 | Build | House |
| 22:32 | Build | House |
| 22:35 | Build | Farm |
| 22:38 | Build | Farm |
| 22:46 | Build | Farm |
| 22:55 | Build | Farm |
| 23:05 | Build | House |
| 23:07 | Build | Farm |
| 23:08 | Build | Farm |
| 23:11 | Build | Farm |
| 23:25 | Build | Siege Workshop |
| 23:33 | Build | Farm |
| 23:43 | Build | Monastery |
| 23:45 | Create | Scout Cavalry |
| 23:45 | Create | Scout Cavalry |
| 23:53 | Build | Farm |
| 23:53 | Build | Farm |
| 23:56 | Build | Farm |
| 24:08 | Research | Tech None |
| 24:09 | Create | Scout Cavalry |
| 24:12 | Build | Farm |
| 24:16 | Create | Battering Ram |
| 24:16 | Create | Monk |
| 24:16 | Build | Mining Camp |
| 24:16 | Build | Farm |
| 24:29 | Build | House |
| 24:30 | Build | House |
| 24:38 | Research | Tech None |
| 24:38 | Research | Tech None |
| 24:45 | Build | Market |
| 24:46 | Research | Tech None |
| 24:46 | Build | House |
| 24:52 | Build | Mill |
| 24:56 | Build | House |
| 24:58 | Build | House |
| 25:09 | Create | Battering Ram |
| 25:16 | Create | Scout Cavalry |
| 25:18 | Build | House |
| 25:19 | Build | House |
| 25:33 | Build | Market |
| 25:34 | Build | House |
| 25:35 | Create | Scout Cavalry |
| 25:48 | Research | Tech None |
| 25:52 | Build | Lumber Camp |
| 25:58 | Create | Scout Cavalry |
| 26:02 | Create | Scout Cavalry |
| 26:07 | Build | Market |
| 26:23 | Build | Market |
| 26:32 | Build | Stable |
| 26:32 | Build | Barracks |
| 26:33 | Build | House |
| 26:34 | Build | House |
| 26:34 | Build | House |
| 26:53 | Build | Stable |
| 27:07 | Create | Scout Cavalry |
| 27:11 | Build | University |
| 27:11 | Build | Stable |
Build order —
First 150 of 237 actions detected
| 0:00 | Build | House |
| 0:02 | Build | House |
| 1:41 | Build | Mule Cart |
| 2:16 | Build | Mill |
| 3:46 | Build | House |
| 5:01 | Build | Mule Cart |
| 5:51 | Research | Tech None |
| 6:04 | Build | Mill |
| 6:19 | Build | House |
| 6:41 | Research | Tech None |
| 7:16 | Build | Mule Cart |
| 8:37 | Build | Barracks |
| 9:16 | Research | Tech None |
| 9:16 | Build | Watch Tower |
| 9:17 | Research | Tech None |
| 9:17 | Research | Tech None |
| 9:18 | Research | Tech None |
| 9:29 | Create | Spearman |
| 9:41 | Build | House |
| 9:52 | Build | Mule Cart |
| 10:07 | Build | Farm |
| 10:08 | Build | Farm |
| 10:15 | Build | Farm |
| 10:29 | Create | Spearman |
| 10:43 | Build | Farm |
| 10:49 | Create | Spearman |
| 11:29 | Build | Archery Range |
| 11:32 | Build | Archery Range |
| 11:34 | Build | Archery Range |
| 11:35 | Build | Archery Range |
| 11:36 | Build | Archery Range |
| 11:38 | Build | Archery Range |
| 12:08 | Build | Archery Range |
| 12:14 | Build | House |
| 12:23 | Create | Archer |
| 12:23 | Build | House |
| 12:26 | Build | House |
| 12:49 | Create | Spearman |
| 12:51 | Create | Archer |
| 12:58 | Create | Archer |
| 13:25 | Build | Blacksmith |
| 13:43 | Create | Skirmisher |
| 13:44 | Create | Skirmisher |
| 14:06 | Create | Archer |
| 14:59 | Build | Market |
| 15:14 | Build | Farm |
| 15:18 | Build | Farm |
| 15:31 | Build | Farm |
| 15:55 | Build | Farm |
| 17:26 | Build | Archery Range |
| 17:27 | Create | Archer |
| 17:27 | Build | House |
| 17:28 | Create | Archer |
| 17:28 | Build | House |
| 18:10 | Build | Farm |
| 19:50 | Build | Mule Cart |
| 21:53 | Build | Farm |
| 23:59 | Build | Farm |
| 24:16 | Build | Mule Cart |
| 24:57 | Build | Mule Cart |
| 27:19 | Research | Tech None |
| 27:19 | Build | Stable |
| 27:23 | Build | Stable |
| 27:26 | Build | Stable |
| 27:27 | Build | Stable |
| 27:28 | Build | Stable |
| 27:29 | Build | Stable |
| 27:31 | Build | Stable |
| 27:34 | Build | Stable |
| 27:36 | Build | Stable |
| 27:38 | Build | Stable |
| 27:40 | Build | Stable |
| 27:42 | Build | Stable |
| 27:43 | Build | Stable |
| 27:43 | Build | Stable |
| 27:48 | Build | Stable |
| 27:52 | Build | Stable |
| 27:55 | Build | Stable |
| 27:56 | Build | Stable |
| 27:58 | Build | Stable |
| 28:01 | Build | Stable |
| 28:06 | Build | Stable |
| 28:09 | Build | Stable |
| 28:13 | Build | Stable |
| 28:14 | Build | Stable |
| 28:17 | Research | Tech None |
| 28:17 | Build | Stable |
| 28:17 | Build | Stable |
| 28:19 | Build | Stable |
| 28:20 | Build | Stable |
| 28:21 | Build | Stable |
| 28:21 | Build | Stable |
| 28:22 | Build | Stable |
| 28:22 | Build | Stable |
| 28:24 | Build | Stable |
| 28:31 | Build | Stable |
| 28:33 | Build | Stable |
| 28:36 | Build | Stable |
| 28:37 | Build | Stable |
| 28:42 | Build | Stable |
| 28:44 | Build | Stable |
| 28:45 | Build | Stable |
| 28:47 | Build | Stable |
| 28:48 | Build | Stable |
| 28:49 | Build | Stable |
| 28:50 | Build | Stable |
| 28:51 | Build | Stable |
| 28:53 | Build | Stable |
| 28:55 | Build | Stable |
| 28:58 | Build | Stable |
| 29:02 | Build | Stable |
| 29:04 | Build | Stable |
| 29:05 | Build | Stable |
| 29:06 | Build | Stable |
| 29:09 | Build | Stable |
| 29:13 | Build | Stable |
| 29:16 | Build | Stable |
| 29:18 | Build | Stable |
| 29:20 | Build | Stable |
| 29:21 | Build | Stable |
| 29:22 | Build | Stable |
| 29:23 | Build | Stable |
| 29:24 | Build | Stable |
| 29:31 | Research | Tech None |
| 30:00 | Create | Knight |
| 33:21 | Build | Mule Cart |
| 33:21 | Build | Siege Workshop |
| 33:26 | Build | Siege Workshop |
| 33:33 | Build | Siege Workshop |
| 33:37 | Build | Siege Workshop |
| 33:41 | Build | Siege Workshop |
| 33:42 | Build | Stable |
| 33:44 | Build | Siege Workshop |
| 33:48 | Build | Siege Workshop |
| 33:51 | Build | Siege Workshop |
| 33:54 | Build | Town Center |
| 33:57 | Build | Siege Workshop |
| 34:00 | Build | Siege Workshop |
| 34:01 | Build | Siege Workshop |
| 34:04 | Build | Siege Workshop |
| 34:06 | Build | Town Center |
| 34:08 | Build | Siege Workshop |
| 34:10 | Build | Siege Workshop |
| 34:11 | Build | Siege Workshop |
| 34:13 | Build | Siege Workshop |
| 34:17 | Build | Town Center |
| 34:20 | Build | Siege Workshop |
| 34:21 | Build | Town Center |
| 34:21 | Build | Siege Workshop |
| 34:25 | Build | Siege Workshop |
Match timeline
| 8:22 | · first_building Barracks |
| 8:37 | · first_building Barracks |
| 9:12 | Rexy0609 · age_up feudal |
| 9:29 | Rexy0609 · wall_segment Palisade Wall x4 |
| 9:45 | TomHuang1991 · age_up feudal |
| 9:56 | · first_building Barracks |
| 10:03 | Rexy0609 · wall_segment Stone Wall x13 |
| 10:09 | Rexy0609 · wall_segment Stone Wall x11 |
| 10:15 | · first_building Barracks |
| 10:49 | TomHuang1991 · wall_segment Stone Wall x21 |
| 11:10 | · first_building Archery Range |
| 11:20 | · first_building Stable |
| 11:29 | · first_building Archery Range |
| 11:36 | 阿YAO · age_up feudal |
| 11:46 | · first_building Stable |
| 12:13 | TomHuang1991 · wall_segment Palisade Wall x1 |
| 12:19 | Rexy0609 · wall_segment Stone Wall x12 |
| 12:26 | TomHuang1991 · wall_segment Stone Wall x9 |
| 12:28 | Rexy0609 · wall_segment Stone Wall x11 |
| 13:30 | TomHuang1991 · wall_segment Palisade Wall x1 |
| 13:31 | TomHuang1991 · wall_segment Palisade Wall x1 |
| 13:51 | TomHuang1991 · wall_segment Stone Wall x11 |
| 14:07 | TomHuang1991 · wall_segment Stone Wall x1 |
| 14:08 | TomHuang1991 · wall_segment Stone Wall x1 |
| 14:16 | Rexy0609 · wall_segment Stone Wall x11 |
| 14:22 | Rexy0609 · wall_segment Stone Wall x11 |
| 14:33 | TomHuang1991 · wall_segment Stone Wall x1 |
| 14:34 | TomHuang1991 · wall_segment Stone Wall x1 |
| 14:39 | TomHuang1991 · wall_segment Stone Wall x6 |
| 14:41 | TomHuang1991 · wall_segment Stone Wall x6 |
| 15:11 | TomHuang1991 · wall_segment Stone Wall x12 |
| 15:25 | TomHuang1991 · wall_segment Stone Wall x16 |
| 16:07 | Rexy0609 · wall_segment Stone Wall x13 |
| 16:24 | Rexy0609 · wall_segment Stone Wall x15 |
| 16:30 | TomHuang1991 · wall_segment Stone Wall x6 |
| 16:33 | · first_market_sell 100 food |
| 17:13 | TomHuang1991 · wall_segment Stone Wall x11 |
| 17:26 | · first_market_sell 100 wood |
| 17:52 | TomHuang1991 · wall_segment Stone Wall x17 |
| 17:53 | Rexy0609 · wall_segment Stone Wall x11 |
| 18:05 | · first_building Monastery |
| 18:43 | Rexy0609 · wall_segment Stone Wall x16 |
| 19:02 | TomHuang1991 · wall_segment Stone Wall x7 |
| 19:04 | · first_building Siege Workshop |
| 19:09 | TomHuang1991 · wall_segment Stone Wall x16 |
| 19:19 | TomHuang1991 · wall_segment Stone Wall x12 |
| 19:38 | TomHuang1991 · wall_segment Stone Wall x8 |
| 19:40 | 阿YAO · first_building Barracks |
| 19:52 | Rexy0609 · wall_segment Stone Wall x11 |
| 20:11 | TomHuang1991 · wall_segment Stone Wall x6 |
| 20:41 | TomHuang1991 · wall_segment Stone Wall x14 |
| 20:45 | TomHuang1991 · wall_segment Stone Wall x18 |
| 20:48 | TomHuang1991 · wall_segment Stone Wall x7 |
| 21:18 | TomHuang1991 · wall_segment Stone Wall x9 |
| 21:25 | TomHuang1991 · wall_segment Stone Wall x11 |
| 21:26 | Rexy0609 · wall_segment Stone Wall x14 |
| 21:43 | · first_market_buy 100 food |
| 21:58 | TomHuang1991 · wall_segment Stone Wall x14 |
| 21:58 | Rexy0609 · wall_segment Stone Wall x14 |
| 22:26 | TomHuang1991 · wall_segment Stone Wall x9 |
| 22:33 | TomHuang1991 · wall_segment Stone Wall x11 |
| 22:51 | · first_building Siege Workshop |
| 23:17 | TomHuang1991 · wall_segment Stone Wall x18 |
| 23:21 | 阿YAO · age_up castle |
| 23:21 | TomHuang1991 · wall_segment Stone Wall x10 |
| 23:25 | · first_building Siege Workshop |
| 23:30 | · first_building Barracks |
| 23:43 | · first_building Monastery |
| 24:12 | TomHuang1991 · wall_segment Stone Wall x8 |
| 24:42 | · first_building Monastery |
| 24:43 | TomHuang1991 · wall_segment Stone Wall x14 |
| 24:46 | · first_market_buy 100 wood |
| 24:48 | Rexy0609 · wall_segment Stone Wall x13 |
| 24:56 | TomHuang1991 · age_up castle |
| 25:05 | TomHuang1991 · wall_segment Stone Wall x9 |
| 25:19 | Rexy0609 · wall_segment Stone Wall x13 |
| 25:49 | TomHuang1991 · wall_segment Stone Wall x14 |
| 26:05 | TomHuang1991 · wall_segment Stone Wall x9 |
| 26:05 | · first_market_buy 100 wood |
| 26:12 | Rexy0609 · wall_segment Stone Wall x15 |
| 26:23 | TomHuang1991 · wall_segment Stone Wall x16 |
| 26:39 | · first_market_buy 100 wood |
| 26:47 | Rexy0609 · age_up castle |
| 26:52 | TomHuang1991 · wall_segment Stone Wall x16 |
| 27:00 | TomHuang1991 · wall_segment Stone Wall x11 |
| 27:10 | Rexy0609 · wall_segment Stone Wall x15 |
| 27:16 | Rexy0609 · first_building Siege Workshop |
| 27:19 | · first_building Stable |
| 27:28 | Rexy0609 · wall_segment Stone Wall x13 |
| 27:31 | · first_building Archery Range |
| 27:32 | · first_building Castle |
| 27:46 | TomHuang1991 · wall_segment Stone Wall x10 |
| 27:53 | TomHuang1991 · wall_segment Stone Wall x15 |
| 28:05 | · first_building Archery Range |
| 28:15 | TomHuang1991 · wall_segment Stone Wall x14 |
| 28:27 | Rexy0609 · wall_segment Stone Wall x6 |
| 28:33 | Rexy0609 · wall_segment Stone Wall x15 |
| 28:37 | 阿YAO · first_building Archery Range |
| 28:38 | Rexy0609 · wall_segment Stone Wall x11 |
| 28:54 | TomHuang1991 · first_building Monastery |
| 28:54 | 阿YAO · first_building Monastery |
| 28:58 | TomHuang1991 · wall_segment Stone Wall x16 |
| 29:14 | TomHuang1991 · wall_segment Stone Wall x11 |
| 29:15 | Rexy0609 · wall_segment Stone Wall x6 |
| 29:15 | · first_building Castle |
| 29:26 | TomHuang1991 · wall_segment Stone Wall x13 |
| 29:39 | 阿YAO · first_building Castle |
| 29:59 | TomHuang1991 · wall_segment Stone Wall x13 |
| 30:03 | Rexy0609 · wall_segment Stone Wall x8 |
| 30:06 | Rexy0609 · wall_segment Stone Wall x1 |
| 30:07 | 阿YAO · first_building Stable |
| 30:17 | TomHuang1991 · wall_segment Stone Wall x11 |
| 30:22 | TomHuang1991 · first_building Siege Workshop |
| 30:33 | Rexy0609 · wall_segment Stone Wall x12 |
| 30:39 | Rexy0609 · wall_segment Stone Wall x14 |
| 30:48 | TomHuang1991 · wall_segment Palisade Wall x1 |
| 31:25 | TomHuang1991 · wall_segment Stone Wall x12 |
| 31:30 | TomHuang1991 · wall_segment Stone Wall x11 |
| 31:44 | TomHuang1991 · first_building Castle |
| 31:51 | Rexy0609 · wall_segment Stone Wall x21 |
| 32:01 | TomHuang1991 · wall_segment Stone Wall x11 |
| 32:13 | · first_building Stable |
| 32:25 | TomHuang1991 · wall_segment Stone Wall x1 |
| 32:27 | TomHuang1991 · wall_segment Stone Wall x13 |
| 32:37 | TomHuang1991 · wall_segment Stone Wall x17 |
| 33:06 | Rexy0609 · wall_segment Stone Wall x11 |
| 33:15 | TomHuang1991 · wall_segment Stone Wall x11 |
| 33:17 | TomHuang1991 · wall_segment Stone Wall x8 |
| 33:21 | · first_building Siege Workshop |
| 33:28 | · first_market_sell 100 wood |
| 33:42 | TomHuang1991 · wall_segment Stone Wall x15 |
| 33:44 | · first_building Castle |
| 33:56 | TomHuang1991 · wall_segment Stone Wall x16 |
| 33:58 | Rexy0609 · wall_segment Stone Wall x18 |
| 34:46 | TomHuang1991 · wall_segment Stone Wall x11 |
| 35:08 | TomHuang1991 · wall_segment Stone Wall x15 |
| 35:10 | TomHuang1991 · wall_segment Stone Wall x1 |
| 35:29 | Rexy0609 · wall_segment Stone Wall x9 |
| 35:42 | TomHuang1991 · wall_segment Stone Wall x19 |
| 35:46 | Rexy0609 · wall_segment Stone Wall x5 |
| 36:00 | Rexy0609 · wall_segment Stone Wall x16 |
| 36:38 | Rexy0609 · wall_segment Stone Wall x3 |
| 36:40 | Rexy0609 · wall_segment Stone Wall x6 |
| 36:41 | TomHuang1991 · wall_segment Stone Wall x13 |
| 36:54 | TomHuang1991 · wall_segment Stone Wall x1 |
| 37:04 | Rexy0609 · wall_segment Stone Wall x15 |
| 37:35 | Rexy0609 · wall_segment Stone Wall x1 |
| 37:37 | Rexy0609 · wall_segment Stone Wall x1 |
| 37:41 | Rexy0609 · wall_segment Stone Wall x9 |
| 37:44 | TomHuang1991 · wall_segment Stone Wall x17 |
| 37:48 | TomHuang1991 · wall_segment Stone Wall x11 |
| 37:51 | TomHuang1991 · wall_segment Stone Wall x8 |
| 37:53 | Rexy0609 · wall_segment Stone Wall x9 |
| 38:13 | · first_building Monastery |
| 38:22 | TomHuang1991 · age_up imperial |
| 38:31 | TomHuang1991 · wall_segment Stone Wall x1 |
| 38:36 | TomHuang1991 · wall_segment Stone Wall x12 |
| 38:44 | Rexy0609 · wall_segment Stone Wall x11 |
| 38:48 | Rexy0609 · wall_segment Stone Wall x9 |
| 39:04 | 阿YAO · age_up imperial |
| 39:24 | TomHuang1991 · wall_segment Stone Wall x16 |
| 39:24 | · first_market_sell 100 food |
| 39:34 | Rexy0609 · wall_segment Stone Wall x4 |
| 39:36 | Rexy0609 · wall_segment Stone Wall x9 |
| 39:49 | Rexy0609 · first_building Castle |
| 40:44 | Rexy0609 · wall_segment Stone Wall x4 |
| 40:45 | TomHuang1991 · wall_segment Stone Wall x20 |
| 40:46 | Rexy0609 · wall_segment Stone Wall x7 |
| 40:49 | Rexy0609 · wall_segment Stone Wall x4 |
| 40:54 | Rexy0609 · wall_segment Stone Wall x8 |
| 41:20 | TomHuang1991 · wall_segment Stone Wall x20 |
| 41:40 | Rexy0609 · first_building Monastery |
| 41:48 | Rexy0609 · wall_segment Stone Wall x5 |
| 42:15 | Rexy0609 · first_building Barracks |
| 42:19 | TomHuang1991 · wall_segment Stone Wall x16 |
| 42:21 | TomHuang1991 · wall_segment Stone Wall x7 |
| 42:39 | Rexy0609 · wall_segment Stone Wall x14 |
| 42:42 | Rexy0609 · wall_segment Stone Wall x7 |
| 42:59 | TomHuang1991 · wall_segment Stone Wall x19 |
| 43:05 | TomHuang1991 · wall_segment Stone Wall x12 |
| 43:21 | Rexy0609 · first_building Archery Range |
| 43:22 | Rexy0609 · first_building Stable |
| 44:04 | TomHuang1991 · wall_segment Stone Wall x9 |
| 44:06 | Rexy0609 · age_up imperial |
| 44:20 | Rexy0609 · wall_segment Stone Wall x33 |
| 44:42 | TomHuang1991 · wall_segment Stone Wall x12 |
| 45:08 | TomHuang1991 · wall_segment Stone Wall x10 |
| 45:20 | TomHuang1991 · wall_segment Stone Wall x4 |
| 45:41 | TomHuang1991 · first_building Barracks |
| 47:07 | TomHuang1991 · wall_segment Stone Wall x17 |
| 47:40 | Rexy0609 · wall_segment Stone Wall x17 |
| 47:45 | Rexy0609 · wall_segment Stone Wall x14 |
| 49:49 | TomHuang1991 · first_building Stable |
| 49:56 | Rexy0609 · wall_segment Stone Wall x15 |
| 50:02 | Rexy0609 · wall_segment Stone Wall x13 |
| 50:37 | TomHuang1991 · wall_segment Stone Wall x10 |
| 51:12 | Rexy0609 · wall_segment Stone Wall x14 |
| 51:24 | Rexy0609 · wall_segment Stone Wall x13 |
| 52:32 | TomHuang1991 · wall_segment Stone Wall x5 |
| 52:34 | Rexy0609 · wall_segment Stone Wall x9 |
| 52:40 | Rexy0609 · wall_segment Stone Wall x15 |
| 54:08 | Rexy0609 · wall_segment Stone Wall x11 |
| 54:10 | · first_building Archery Range |
| 54:36 | Rexy0609 · wall_segment Stone Wall x12 |
| 55:19 | Rexy0609 · wall_segment Stone Wall x11 |
| 55:35 | TomHuang1991 · wall_segment Stone Wall x3 |
| 56:47 | · resign |
| 56:49 | Rexy0609 · wall_segment Stone Wall x10 |
| 58:01 | Rexy0609 · wall_segment Stone Wall x6 |
| 58:06 | Rexy0609 · wall_segment Stone Wall x4 |
| 58:08 | Rexy0609 · wall_segment Stone Wall x1 |
| 58:14 | Rexy0609 · wall_segment Stone Wall x6 |
| 58:58 | Rexy0609 · wall_segment Stone Wall x9 |
| 59:37 | Rexy0609 · wall_segment Stone Wall x8 |
| 59:41 | Rexy0609 · wall_segment Stone Wall x14 |
| 60:35 | Rexy0609 · wall_segment Stone Wall x10 |
| 61:07 | Rexy0609 · wall_segment Stone Wall x15 |
| 61:26 | Rexy0609 · first_market_buy 100 stone |
| 61:46 | Rexy0609 · wall_segment Stone Wall x9 |
| 66:47 | 阿YAO · first_market_buy 100 stone |
[ AI ANALYSIS · 1 CREDIT ]
What really happened in this match?
Wolo.gg analyzes every decision: build order, eco, micro, common mistakes by bracket. Personalized analysis on WhatsApp or Discord in 30 seconds.
Civ guide
Mongols
Map guide
Black Forest
Perfil
Jugador #11222772